 Dungeon Crawl Stone Soup version 0.17.1-1-g73c8601 (webtiles) character file.

38132 Implojin the Grappler (level 13, -1/140 HPs)
             Began as a Troll Monk on Apr 8, 2016.
             Was a High Priest of Okawaru.
             Shot with an arrow by a naga sharpshooter (2 damage)
             ... on level 2 of the Snake Pit.
             The game lasted 00:39:33 (4733 turns).

Implojin the Grappler (Troll Monk)                  Turns: 4733, Time: 00:39:33

Health: -1/140     AC:  8    Str: 22    XL:     13   Next: 62%
Magic:  15/18      EV: 17    Int:  6    God:    Okawaru [*****.]
Gold:   321        SH:  0    Dex: 16    Spells: 0 memorised, 12 levels left

rFire  . . .     SeeInvis +       - Unarmed
rCold  . . .     Clarity  .     a - +0 robe
rNeg   . . .     SustAt   .     (no shield)
rPois  +         Gourm    +     J - +2 hat
rElec  .         Spirit   .     r - +0 cloak
rCorr  +         Warding  .     (gloves unavailable)
rMut   .         Stasis   .     (boots unavailable)
MR     .....                    t - amulet of resist corrosion
Stlth  +++.......               A - ring of poison resistance
                                N - ring of see invisible

@: lethally poisoned (-1 -> -22), heroism, finesse, hasted, constricted, very
quick, not resistant to hostile enchantments, fairly stealthy
A: unfitting armour, claws 3, fast metabolism 3, gourmand, regeneration 2,
shaggy fur 1, tough skin 2
a: Heroism, Finesse, Renounce Religion


You were on level 2 of the Snake Pit.
You worshipped Okawaru.
Okawaru was extremely pleased with you.
You were not hungry.

You visited 5 branches of the dungeon, and saw 25 of its levels.

You collected 378 gold pieces.
You spent 57 gold pieces at shops.

Inventory:

Missiles
 g - 18 large rocks
 k - 5 poisoned javelins (quivered)
Armour
 a - a +0 robe (worn)
 r - a +0 cloak (worn)
 J - a +2 hat (worn)
 P - a +2 robe of magic resistance
Jewellery
 d - an uncursed amulet of rage
 t - an amulet of resist corrosion (around neck)
 y - a +4 ring of intelligence
 A - a ring of poison resistance (right claw)
 N - a ring of see invisible (left claw)
Wands
 D - a wand of paralysis (13)
 F - a wand of lightning (6)
 G - a wand of digging (12)
 H - a wand of digging (13)
 O - a wand of hasting (5)
Scrolls
 i - 2 scrolls of amnesia {unknown}
 j - a scroll of noise {unknown}
 m - a scroll of enchant weapon {unknown}
 s - 4 scrolls of enchant armour {unknown}
 u - 4 scrolls of random uselessness {unknown}
 v - 4 scrolls of remove curse
 E - a scroll of blinking {unknown}
 I - a scroll of recharging {unknown}
 K - a scroll of vulnerability {unknown}
 Q - a scroll of immolation {unknown}
Potions
 c - 2 potions of curing
 e - 2 potions of agility
 f - a potion of lignification
 l - a potion of degeneration
 n - a potion of flight
 o - a potion of cancellation
 p - a potion of invisibility
 w - 3 potions of heal wounds
 x - a potion of might
 L - a potion of ambrosia
 S - a potion of mutation {unknown}
Books
 M - a book of Enchantments

   Spells                             Type                      Level
   a - Cause Fear                     Hexes                        4
   b - Silence                        Hexes/Air                    5
   c - Deflect Missiles               Charms/Air                   6
   d - Haste                          Charms                       6
   e - Discord                        Hexes                        8
Miscellaneous
 C - a sack of spiders
Comestibles
 b - 3 bread rations
 h - a royal jelly
 q - a meat ration
 z - 5 beef jerkies
 B - 14 fruits


   Skills:
 - Level 12.0(17.0) Fighting
 * Level 10.8(15.8) Dodging
 - Level 1.1(6.1) Stealth
 - Level 12.3(17.3) Unarmed Combat
 - Level 8.0 Invocations


You had 12 spell levels left.
You didn't know any spells.

Dungeon Overview and Level Annotations

Branches:
Dungeon (12/15)            Temple (1/1) D:6            Lair (8/8) D:11
  Swamp (1/4) Lair:4        Snake (3/4) Lair:5
  Slime: Lair:6-8       Orc: D:9-12

Altars:
Fedhas
Okawaru
Sif Muna
Vehumet
Xom
Yredelemnul

Shops:
D:10 :   D:11 %   D:12 *

Annotations:
D:11 exclusion: obsidian statue
Lair:6 exclusion: 3 oklob plants, lehmann155's ghost, journeyman DsGl


Innate Abilities, Weirdness & Mutations

You are too large for most types of armour.
You have claws for hands.
Your metabolism is lightning-fast.
You like to eat raw meat.
You heal very quickly.
You are covered in fur (AC +1).
You have very tough skin (AC +2).


Message History

The black mamba bites you!
* * * LOW HITPOINT WARNING * * *
You are poisoned.
The black mamba poisons you! The anaconda grabs you.
You stop descending the stairs.
The anaconda bites you but does no damage.
* * * LOW HITPOINT WARNING * * *
The anaconda constricts you. The black mamba bites you!
* * * LOW HITPOINT WARNING * * *
You are more poisoned.
The black mamba poisons you!
The naga sharpshooter spits poison at you.
The splash of poison hits you!
You are more poisoned.
You resist.
* * * LOW HITPOINT WARNING * * *
Unknown command.
Unknown command.
Unknown command.
Read which item? (? for menu, Esc to quit)
Okay, then.
Drink which item? (? for menu, Esc to quit)
You feel yourself speed up.
You feel very sick. The anaconda bites you.
* * * LOW HITPOINT WARNING * * *
* * * LOW HITPOINT WARNING * * *
The anaconda constricts you. The black mamba bites you!
* * * LOW HITPOINT WARNING * * *
The black mamba barely misses you. The anaconda barely misses you.
* * * LOW HITPOINT WARNING * * *
The anaconda constricts you. The black mamba bites you!
* * * LOW HITPOINT WARNING * * *
The naga sharpshooter unwields an uncursed halberd.
The naga sharpshooter wields a glowing shortbow.
It is covered in frost.
The naga sharpshooter shoots an arrow.
The arrow hits you!
* * * LOW HITPOINT WARNING * * *
The arrow freezes you.
You die...

#.....#...
#.....#N.# #
#.....#..# .#
#........#..#
#........#..#
..........#.#
#..)S[.....
#..@SN.....
#...S##.#.#
#...## ......
....###
#..... ##..##
#..


You could see a naga sharpshooter, an anaconda, a naga ritualist and 2 black
mambas.

Vanquished Creatures
  A greater naga (Snake:3)
  2 hydras
  2 naga warriors
  The ghost of drcatpants the Basher, a novice OgHu of Makhleb (D:10)
  4 catoblepae
  10 death yaks (Lair:8)
  2 shock serpents (Snake:2)
  2 naga sharpshooters
  A salamander mystic (Snake:3)
  Pikel (D:6)
  4 mana vipers
  A cyclops (D:10)
  5 elephants
  9 black mambas
  8 spiny frogs
  4 komodo dragons
  A polar bear (Lair:8)
  3 giant leeches
  2 fire drakes (Lair:8)
  5 blink frogs
  A boulder beetle (Lair:8)
  26 yaks
  3 basilisks
  3 hippogriffs
  A hungry ghost (D:10)
  A steam dragon (D:10)
  A swamp worm (Lair:4)
  5 wolves (Lair:7)
  7 water moccasins
  A slave (D:6)
  6 nagas
  A swamp drake (Lair:4)
  An orc warrior (D:11)
  A phantom (D:6)
  2 ice beasts
  3 ogres
  7 crocodiles
  4 giant frogs
  A wyvern zombie (D:11)
  5 killer bees (D:11)
  3 orc priests
  3 hounds
  5 orc wizards
  3 crimson imps
  A jelly (D:11)
  2 iguanas
  3 worker ants
  2 sheep
  Robin (D:4)
  7 adders
  13 river rats (Lair:8)
  A shadow imp (D:10)
  An adder skeleton (D:4)
  19 orcs
  A giant cockroach (D:3)
  6 hobgoblins
  A kobold (D:1)
  2 quokkas (D:10)
  A ball python (D:1)
  A giant gecko (D:4)
  2 giant newts
  10 goblins
  2 rats (D:1)
238 creatures vanquished.

Vanquished Creatures (others)
  A slave (D:6)
  A giant frog (D:6)
  2 river rats (Lair:8)
  6 fungi
  5 plants (Lair:8)
  8 toadstools (Lair:7)
23 creatures vanquished.

Grand Total: 261 creatures vanquished

Notes
Turn   | Place    | Note
--------------------------------------------------------------
     0 | D:1      | Implojin the Troll Monk began the quest for the Orb.
     0 | D:1      | Reached XP level 1. HP: 22/22 MP: 0/0
   120 | D:2      | Reached XP level 2. HP: 22/29 MP: 1/1
   146 | D:2      | Reached skill level 5 in Unarmed Combat
   146 | D:2      | Reached XP level 3. HP: 26/36 MP: 2/2
   195 | D:3      | Noticed an ice beast
   211 | D:3      | Killed an ice beast
   211 | D:3      | Reached skill level 6 in Unarmed Combat
   211 | D:3      | Reached XP level 4. HP: 36/44 MP: 3/3
   211 | D:3      | Reached XP level 5. HP: 40/50 MP: 4/4
   221 | D:3      | Found a shimmering altar of Xom.
   230 | D:4      | Found a radiant altar of Vehumet.
   232 | D:4      | Noticed Robin
   268 | D:4      | Killed Robin
   321 | D:5      | Entered Level 5 of the Dungeon
   321 | D:5      | Found a basalt altar of Yredelemnul.
   433 | D:5      | Reached skill level 7 in Unarmed Combat
   477 | D:5      | Reached XP level 6. HP: 51/59 MP: 5/5
   487 | D:6      | Noticed Pikel
   514 | D:6      | Killed Pikel
   514 | D:6      | Reached skill level 9 in Unarmed Combat
   514 | D:6      | Reached XP level 7. HP: 35/66 MP: 6/6
   577 | D:6      | Found a staircase to the Ecumenical Temple.
   586 | Temple   | Entered the Ecumenical Temple
   609 | Temple   | Became a worshipper of Warmaster Okawaru
   609 | Temple   | Reached * piety under Okawaru
   609 | Temple   | Reached ** piety under Okawaru
   703 | D:6      | Reached skill level 10 in Unarmed Combat
   703 | D:6      | Reached XP level 8. HP: 51/74 MP: 4/7
   732 | D:7      | Found a deep blue altar of Sif Muna.
   743 | D:7      | Found a blossoming altar of Fedhas.
   996 | D:10     | Entered Level 10 of the Dungeon
  1053 | D:10     | Found Egoc's Book Shoppe.
  1056 | D:10     | Noticed a cyclops
  1103 | D:10     | Noticed drcatpants's ghost (novice OgHu)
  1113 | D:10     | Killed drcatpants's ghost
  1113 | D:10     | Reached *** piety under Okawaru
  1113 | D:10     | Reached skill level 12 in Unarmed Combat
  1113 | D:10     | Reached XP level 9. HP: 19/80 MP: 5/8
  1189 | D:10     | Killed a cyclops
  1189 | D:10     | Reached **** piety under Okawaru
  1189 | D:10     | Reached skill level 4 in Fighting
  1306 | D:11     | Reached skill level 5 in Fighting
  1407 | D:11     | Noticed an obsidian statue
  1440 | D:11     | Found Vopu's Food Shop.
  1461 | D:12     | Found Ciphea's Assorted Antiques.
  1468 | D:12     | Bought a bubbling brown potion for 18 gold pieces
  1468 | D:12     | Bought a scroll labeled NOINUJA EPSEO for 21 gold pieces
  1468 | D:12     | Bought a viscous puce potion for 18 gold pieces
  1532 | D:10     | Reached skill level 6 in Fighting
  1543 | D:10     | Reached skill level 7 in Fighting
  1546 | D:10     | Reached XP level 10. HP: 94/102 MP: 7/9
  1762 | D:11     | Found a staircase to the Lair.
  1762 | D:11     | Noticed an elephant
  1785 | D:11     | Killed an elephant
  1785 | D:11     | Reached skill level 8 in Fighting
  1824 | Lair:1   | Entered Level 1 of the Lair of Beasts
  1958 | Lair:3   | Reached skill level 9 in Fighting
  2064 | Lair:3   | Noticed a seven-headed hydra
  2092 | Lair:4   | Found a staircase to the Swamp.
  2112 | Swamp:1  | Entered Level 1 of the Swamp
  2197 | Swamp:1  | Noticed a spriggan rider
  2197 | Swamp:1  | Reached ***** piety under Okawaru
  2197 | Swamp:1  | Reached skill level 10 in Fighting
  2199 | Swamp:1  | Noticed a shambling mangrove
  2277 | Lair:4   | Reached XP level 11. HP: 27/119 MP: 10/10
  2404 | Lair:6   | Reached skill level 11 in Fighting
  2549 | Lair:6   | Noticed lehmann155's ghost (journeyman DsGl)
  2662 | Lair:5   | Received a gift from Okawaru
  2796 | Lair:5   | Found a staircase to the Snake Pit.
  2807 | Snake:1  | Entered Level 1 of the Snake Pit
  2860 | Snake:1  | Reached skill level 1 in Invocations
  2905 | Lair:5   | Reached skill level 2 in Invocations
  2908 | Lair:5   | Reached skill level 3 in Invocations
  2961 | Lair:5   | Reached skill level 4 in Invocations
  3037 | Lair:7   | Noticed a six-headed hydra
  3044 | Lair:7   | Killed a six-headed hydra
  3044 | Lair:7   | Reached skill level 5 in Invocations
  3058 | Lair:8   | Entered Level 8 of the Lair of Beasts
  3070 | Lair:7   | Noticed a catoblepas
  3079 | Lair:7   | Reached skill level 6 in Invocations
  3094 | Lair:7   | Killed a catoblepas
  3114 | Lair:7   | Reached skill level 7 in Invocations
  3200 | Lair:8   | Reached XP level 12. HP: 109/130 MP: 13/16
  3280 | Lair:8   | Reached skill level 8 in Invocations
  3379 | Lair:8   | Noticed a catoblepas
  3393 | Lair:8   | Killed a catoblepas
  3399 | Lair:8   | Noticed a four-headed hydra
  3405 | Lair:8   | Killed a four-headed hydra
  3405 | Lair:8   | Reached skill level 12 in Fighting
  3432 | Lair:8   | Reached skill level 3 in Dodging
  3501 | Lair:8   | Noticed a catoblepas
  3572 | Lair:8   | Killed a catoblepas
  3572 | Lair:8   | Reached skill level 4 in Dodging
  3599 | Lair:8   | Noticed a death yak
  3599 | Lair:8   | Noticed a death yak
  3600 | Lair:8   | Noticed a death yak
  3600 | Lair:8   | Noticed a death yak
  3606 | Lair:8   | Noticed a death yak
  3609 | Lair:8   | Noticed a death yak
  3610 | Lair:8   | Noticed a death yak
  3612 | Lair:8   | Noticed a death yak
  3615 | Lair:8   | Noticed a death yak
  3618 | Lair:8   | Noticed a death yak
  3632 | Lair:8   | Killed a death yak
  3632 | Lair:8   | Reached skill level 5 in Dodging
  3639 | Lair:8   | Killed a death yak
  3643 | Lair:8   | Killed a death yak
  3645 | Lair:8   | Killed a death yak
  3645 | Lair:8   | Reached skill level 6 in Dodging
  3657 | Lair:8   | Killed a death yak
  3679 | Lair:8   | Killed a death yak
  3679 | Lair:8   | Reached skill level 7 in Dodging
  3683 | Lair:8   | Killed a death yak
  3689 | Lair:8   | Killed a death yak
  3689 | Lair:8   | Received a gift from Okawaru
  3694 | Lair:8   | Killed a death yak
  3707 | Lair:8   | Killed a death yak
  3707 | Lair:8   | Reached XP level 13. HP: 51/140 MP: 18/18
  3709 | Lair:8   | Reached skill level 8 in Dodging
  3788 | Lair:8   | Noticed a catoblepas
  3801 | Lair:8   | Killed a catoblepas
  4166 | Snake:1  | Noticed a naga warrior
  4176 | Snake:1  | Reached skill level 9 in Dodging
  4196 | Snake:1  | Killed a naga warrior
  4196 | Snake:1  | Received a gift from Okawaru
  4303 | Snake:1  | Noticed a shock serpent
  4563 | Snake:3  | Reached skill level 10 in Dodging
  4608 | Snake:3  | Noticed a greater naga
  4660 | Snake:3  | Killed a greater naga
  4660 | Snake:3  | Received a gift from Okawaru
  4733 | Snake:2  | HP: 1/140 [naga sharpshooter/arrow (16)]
  4733 | Snake:2  | Shot with an arrow by a naga sharpshooter

Action                   |  1- 3 |  4- 6 |  7- 9 | 10-12 | 13-15 || total
-------------------------+-------+-------+-------+-------+-------++-------
Melee: Unarmed           |    51 |    89 |   128 |   402 |   131 ||   801
Throw: Large rock        |       |       |     7 |    18 |       ||    25
       Tomahawk          |       |       |       |     6 |       ||     6
       Javelin           |       |       |       |       |     7 ||     7
Invok: Heroism           |       |       |    11 |    23 |    11 ||    45
       Finesse           |       |       |       |     4 |     5 ||     9
  Use: Scroll            |       |       |     4 |     8 |     3 ||    15
       Potion            |       |       |     2 |     1 |     1 ||     4
 Stab: Sleeping          |     2 |       |     2 |       |     1 ||     5
       Confused          |       |       |       |     2 |       ||     2
       Petrified         |       |       |       |     3 |       ||     3
       Distracted        |       |       |       |     1 |     1 ||     2
  Eat: Chunk             |     7 |     2 |     8 |    23 |     5 ||    45
       Meat ration       |       |       |     1 |       |       ||     1

Table legend:
 A = Turns spent in this place as a percentage of turns spent in the entire game.
 B = Non-inter-level travel turns spent in this place as a percentage of non-inter-level travel turns spent in the entire game.
 C = Inter-level travel turns spent in this place as a percentage of turns spent in this place.
 D = Turns resting spent in this place as a percentage of non-inter-level travel turns spent in this place.
 E = Turns spent auto-exploring this place as a percentage of non-inter-level travel turns spent in this place.
 F = Non-inter-level travel turns spent in this place divided by the number of levels of this place that you've seen.
                   A       B       C       D       E      F
               +-------+-------+-------+-------+-------+----------------------
         Total | 100.0 | 100.0 |   0.0 |   0.3 |   0.0 | 176.3
       Dungeon |  38.7 |  38.7 |   0.0 |   0.0 |   0.0 | 142.3
        Temple |   1.0 |   1.0 |   0.0 |   0.0 |   0.0 |  45.0
          Lair |  48.0 |  48.0 |   0.0 |   0.0 |   0.0 | 264.6
         Swamp |   0.5 |   0.5 |   0.0 |   0.0 |   0.0 |  21.0
     Snake Pit |  11.7 |  11.7 |   0.0 |   2.5 |   0.0 | 172.3
               +-------+-------+-------+-------+-------+----------------------

Table legend:
 A = Kills in this place as a percentage of kills in entire the game.
 B = Kills by you in this place as a percentage of kills by you in the entire game.
 C = Kills by friends in this place as a percentage of kills by friends in the entire game.
 D = Other kills in this place as a percentage of other kills in the entire game.
 E = Experience gained in this place as a percentage of experience gained in the entire game.
 F = Experience gained in this place divided by the number of levels of this place that you have seen.
                   A       B       C       D       E      F
               +-------+-------+-------+-------+-------+----------------------
         Total | 100.0 | 100.0 |  -nan |  -nan | 100.0 | 2179.0
       Dungeon |  43.0 |  43.0 |  -nan |  -nan |  12.4 | 561.2
          Lair |  46.8 |  46.8 |  -nan |  -nan |  61.1 | 4162.9
         Swamp |   0.8 |   0.8 |  -nan |  -nan |   1.0 | 557.0
     Snake Pit |   9.3 |   9.3 |  -nan |  -nan |  25.5 | 4626.7
               +-------+-------+-------+-------+-------+----------------------
